AoeStats
← BYoooo

Hideout

510103152Analyzed
1v1 RM · 3d ago on Sep 29, 2026· 54m 15s· 2 players
Game mode
Random Map
Map size
Tiny (2 player)
Population
200
Speed
Normal
Resources
Standard
Victory
Conquest
Starting age
Dark Age
Ending age
Imperial Age
RankedLock teamsTeams togetherTeam positionsShared explorationLock speedFull tech treeHidden civsTurbo modeCheats
Victory
Defeat
🇩🇪 Franks · Germany
692
+17
🇳🇱 Huns · Netherlands
715
-17
BYoooo
10:07 Feudal Age
10:32 Double-Bit Axe
12:00 Loom
16:29 Castle Age
16:41 Wheelbarrow
17:23 Scale Barding Armor
23:48 Stone Mining
23:51 Gold Mining
24:19 Hand Cart
23:51 Town Watch
24:46 Forging
26:13 Chain Barding Armor
26:30 Iron Casting
29:42 Husbandry
34:14 Imperial Age
31:46 Town Patrol
33:40 Gold Shaft Mining
33:17 Bow Saw
35:17 Conscription
35:37 Plate Barding Armor
36:02 Blast Furnace
34:37 Cavalier
37:22 Hoardings
36:45 Fletching
36:55 Padded Archer Armor
40:15 Chivalry
40:09 Paladin
41:01 Masonry
41:17 Murder Holes
42:02 Devotion
42:00 Bodkin Arrow
42:20 Leather Archer Armor
44:51 Elite Throwing Axeman
49:53 Chemistry
53:27 Scale Mail Armor
53:54 Ballistics
53:16 Treadmill Crane
54:06 Architecture
53:27 Guard Tower
53:48 Fortified Wall
53:44 Siege Engineers
53:24 Arrowslits
53:53 Ordonnance Companies
JDM-Gaming
10:04 Feudal Age
11:03 Double-Bit Axe
12:09 Horse Collar
14:53 Forging
17:02 Scale Barding Armor
19:13 Castle Age
19:11 Bloodlines
19:37 Light Cavalry
22:09 Heavy Plow
26:16 Chain Barding Armor
26:32 Iron Casting
29:31 Squires
28:52 Pikeman
29:34 Scale Mail Armor
32:25 Bow Saw
35:33 Chain Mail Armor
35:52 Marauders
36:16 Town Watch
37:10 Wheelbarrow
39:03 Fletching
42:00 Imperial Age
42:06 Hand Cart
41:52 Town Patrol
41:39 Loom
42:13 Bodkin Arrow
43:20 Plate Barding Armor
43:45 Blast Furnace
44:49 Chemistry
46:34 Padded Archer Armor
46:35 Bracer
47:16 Parthian Tactics
47:55 Parthian Tactics
49:03 Parthian Tactics
47:58 Heavy Cavalry Archer
50:06 Leather Archer Armor
Connection lost

Rejoining the realm…

Still unreachable

The connection could not be restored.

Session expired

The server has moved on; the page needs a fresh start.